 Dungeon Crawl Stone Soup version 0.22.1-1-ga44c0e5 (webtiles) character file.

301 whitewolfNL the Covered (level 6, -2/48 HPs)
             Began as a Human Fighter on Sept 23, 2018.
             Killed from afar by an orc wizard (3 damage)
             ... with a magic dart
             ... on level 4 of the Dungeon.
             The game lasted 00:31:42 (5559 turns).

whitewolfNL the Covered (Human Fighter)             Turns: 5559, Time: 00:31:42

Health: -2/48      AC: 11    Str: 17    XL:     6   Next: 64%
Magic:  6/6        EV:  3    Int:  9    God:
Gold:   104        SH:  9    Dex: 13    Spells: 5/5 levels left

rFire    . . .     SeeInvis +   a - +0 long sword
rCold    . . .     Gourm    .   c - +0 shield
rNeg     . . .     Faith    .   v - +0 plate armour
rPois    .         Spirit   .   (no helmet)
rElec    .         Reflect  .   (no cloak)
rCorr    .         Harm     .   (no gloves)
MR       +....                  (no boots)
Stlth    ..........             (no amulet)
HPRegen  0.16/turn              J - ring of protection from magic
MPRegen  0.10/turn              t - ring of see invisible

@: about to teleport
A: no striking features
a: no special abilities


You were on level 4 of the Dungeon.
You were not hungry.

You visited 1 branch of the dungeon, and saw 4 of its levels.

You collected 104 gold pieces.

Inventory:

Hand Weapons
 a - a +0 long sword (weapon)
 m - a +0 hunting sling
Missiles
 g - 6 tomahawks (quivered)
 k - 5 needles of sleeping
 n - 23 sling bullets
 p - 31 bolts
 y - 13 arrows
 G - 90 stones
 O - 3 needles of confusion
Armour
 b - a +0 scale mail
 c - a +0 shield (worn)
 v - a +0 plate armour (worn)
Jewellery
 t - a ring of see invisible (right hand)
 B - an uncursed ring of protection from cold
 J - a ring of protection from magic (left hand)
Wands
 w - a wand of acid (9)
Scrolls
 e - a scroll of enchant armour
 h - a scroll of magic mapping
 o - 2 scrolls of immolation
 u - a scroll of teleportation
 A - 2 scrolls of amnesia
 E - a scroll of noise {unknown}
 F - a scroll of blinking
 H - a scroll of remove curse
 I - a scroll of identify
Potions
 d - a potion of might
 i - a potion of resistance
 j - a potion of cancellation
 l - a potion of degeneration {unknown}
 q - a potion of heal wounds {unknown}
 r - a potion of lignification {unknown}
 s - 2 potions of mutation {unknown}
 x - 2 potions of curing {unknown}
 z - a potion of flight {unknown}
 D - a potion of brilliance {unknown}
 N - a potion of berserk rage
Comestibles
 f - 2 rations


   Skills:
 * Level 3.8 Fighting
 + Level 3.5 Long Blades
 * Level 4.2 Armour
 + Level 0.9 Dodging
 * Level 2.1 Stealth
 * Level 4.0 Shields


You had 5 spell levels left.
You didn't know any spells.
Your spell library was empty.

Dungeon Overview and Level Annotations

Branches:
Dungeon (4/15)
 Temple: D:4-7

Altars:
Ru


Message History

The orc priest mumbles some strange prayers to Beogh against you.
You resist with some effort.
You hit the orc wizard.
The orc wizard is moderately wounded.
The orc wizard hits you but does no damage.
The orc hits you with a falchion.
The orc priest calls down the wrath of Beogh upon you.
Pain shoots through your body!
The orc wizard hits you but does no damage.
The orc priest invokes the aid of Beogh against you.
Beogh smites you!
* * * LOW HITPOINT WARNING * * *
The orc wizard points at you and mumbles some strange words.
The puff of flame hits you!
* * * LOW HITPOINT WARNING * * *
As you read the scroll of teleportation, it crumbles to dust.
You feel strangely unstable. You block the orc's attack.
The orc wizard gestures at you while chanting.
The magic dart hits you!
You die...

#.#.##.#.#
#.#.##.#.#######
#.#.##.#..[....#
#.#.##.#.......# ..
#.#.##.#.......# ..
#..........%...##
..
#.........o......
#.
#.......o.o......
#. ##+#
#.#.##.#@###.....
#. ...# #.#..#.#.#
... #.
..#######.#.##.#..
. #.
..........#.##.###.
#. ...########.##.#
.# #. .....# ......
# #. ...### #.....#
#. ...# #.....# #.
...# .#.. #.....#
#.


You could see an orc priest, an orc wizard and an orc.

Vanquished Creatures
  Sigmund (D:2)
  A centaur skeleton (D:4)
  3 adders (D:3)
  An ooze (D:1)
  An adder skeleton (D:4)
  A worm (D:3)
  A leopard gecko (D:1)
  2 orcs (D:3)
  3 ball pythons
  11 bats
  4 giant cockroaches
  9 hobgoblins
  2 jackals (D:4)
  5 frilled lizards
  5 goblins
  10 kobolds
  9 rats
69 creatures vanquished.

Notes
Turn   | Place    | Note
-------+----------+-------------------------------------------
     0 | D:1      | whitewolfNL the Human Fighter began the quest for the Orb.
     0 | D:1      | Reached XP level 1. HP: 18/18 MP: 1/1
   136 | D:1      | Reached XP level 2. HP: 20/24 MP: 2/2
   649 | D:1      | Reached XP level 3. HP: 25/29 MP: 3/3
  1307 | D:2      | Reached skill level 1 in Stealth
  1468 | D:2      | Found a sacrificial altar of Ru.
  1796 | D:2      | Reached XP level 4. HP: 26/35 MP: 4/4
  2160 | D:2      | Noticed Sigmund
  2946 | D:2      | Killed Sigmund
  2946 | D:2      | Reached XP level 5. HP: 13/42 MP: 5/5
  2946 | D:2      | Reached XP level 6. HP: 15/48 MP: 6/6
  3528 | D:1      | You fall through a shaft!
  5558 | D:4      | HP: 1/48 [orc wizard/puff of flame (7)]
  5559 | D:4      | Killed from afar by an orc wizard

Skill      XL: |  1  2  3  4  5  6 |
---------------+-------------------+-----
Stealth        | 1 2 |  2.1
Long Blades    | 3 |  3.5
Armour         | 4 |  4.2
Shields        | 4 |  4.0
Fighting       | |  3.8
Dodging        | |  0.9

Action                   |  1- 3 |  4- 6 || total
-------------------------+-------+-------++-------
Melee: Long sword        |    90 |   141 ||   231
       Short sword       |    96 |       ||    96
  Use: Scroll            |     5 |     7 ||    12
  Eat: Ration            |     1 |     3 ||     4
       Chunk             |       |     1 ||     1
Armor: Scale mail        |   142 |    42 ||   184
       Plate armour      |       |    15 ||    15
Dodge: Dodged            |    71 |    30 ||   101
Block: Shield            |   152 |    75 ||   227
       Rpst.: Long sword |     6 |     9 ||    15
